AoeStats
← julio_cc53

Arabia

506884841Analyzed
2v2 RM · 17d ago on Sep 15, 2026· 66m 27s· 4 players
Game mode
Random Map
Map size
Medium (4 player)
Population
200
Speed
Normal
Resources
Standard
Victory
Conquest
Starting age
Dark Age
Ending age
Imperial Age
RankedLock teamsTeams togetherTeam positionsShared explorationLock speedFull tech treeHidden civsTurbo modeCheats
Victory
Defeat
🇪🇸 Mongols · Spain
1060
+15
🇪🇨 Vikings · Ecuador
968
+19
🇩🇪 Khitans · Germany
1057
-18
🇩🇪 Ethiopians · Germany
1015
-16
julio_cc53
6:37 Loom
7:42 Loom
10:33 Feudal Age
11:19 Double-Bit Axe
11:19 Horse Collar
14:06 Wheelbarrow
23:14 Castle Age
22:41 Scale Barding Armor
22:47 Forging
22:50 Bloodlines
25:11 Chain Barding Armor
25:27 Iron Casting
27:48 Husbandry
36:30 Gold Mining
38:11 Bow Saw
38:54 Fletching
39:54 Gold Shaft Mining
43:03 Imperial Age
40:37 Padded Archer Armor
41:27 Hand Cart
42:18 Bodkin Arrow
42:39 Leather Archer Armor
42:09 Light Cavalry
43:22 Ballistics
44:48 Blast Furnace
43:49 Bracer
44:17 Conscription
45:19 Heavy Camel Rider
50:12 Hussar
53:36 Heavy Plow
56:55 Chemistry
58:03 Thumb Ring
59:31 Parthian Tactics
59:21 Elite Mangudai
andrs_rg12
11:13 Feudal Age
12:00 Loom
17:13 Castle Age
15:33 Horse Collar
19:34 Double-Bit Axe
21:12 Scale Mail Armor
22:31 Forging
22:59 Gambesons
23:47 Fletching
25:47 Chain Mail Armor
31:52 Ballistics
31:29 Murder Holes
32:18 Bodkin Arrow
35:31 Iron Casting
34:45 Arson
35:01 Squires
40:18 Imperial Age
40:46 Bow Saw
41:29 Conscription
42:12 Plate Mail Armor
41:30 Elite Skirmisher
46:30 Blast Furnace
46:45 Bracer
47:24 Padded Archer Armor
49:12 Elite Berserk
54:24 Chieftains
55:43 Heavy Plow
59:07 Chemistry
Niklas1910
9:49 Loom
11:35 Feudal Age
13:03 Double-Bit Axe
18:39 Gold Mining
18:48 Fletching
18:59 Padded Archer Armor
22:10 Castle Age
22:23 Crossbowman
23:09 Thumb Ring
23:01 Bodkin Arrow
23:21 Leather Archer Armor
24:24 Horse Collar
28:21 Wheelbarrow
28:46 Heavy Plow
30:20 Bow Saw
31:38 Town Watch
32:40 Leather Archer Armor
39:33 Imperial Age
38:43 Gold Shaft Mining
40:22 Hand Cart
40:08 Town Patrol
40:44 Ballistics
41:24 Chemistry
40:52 Light Cavalry
41:33 Husbandry
42:58 Two-Man Saw
41:52 Stone Mining
43:01 Masonry
42:47 Murder Holes
43:49 Ring Archer Armor
43:19 Bracer
43:30 Forging
43:25 Scale Barding Armor
43:24 Hussar
47:04 Conscription
50:11 Elite Skirmisher
50:11 Arbalester
53:01 Halberdier
53:41 Squires
KiingAngelo
4:38 Loom
10:51 Feudal Age
19:29 Forging
25:25 Castle Age
23:12 Domestication
23:32 Double-Bit Axe
24:24 Town Watch
25:15 Wheelbarrow
25:23 Scale Barding Armor
27:09 Iron Casting
26:26 Fletching
34:12 Pikeman
34:39 Gambesons
37:29 Scale Mail Armor
39:14 Squires
39:22 Husbandry
43:11 Hand Cart
43:09 Bow Saw
43:04 Pastoralism
43:05 Gold Mining
47:23 Imperial Age
46:59 Bodkin Arrow
47:25 Chain Barding Armor
48:00 Elite Steppe Lancer
48:02 Heavy Camel Rider
58:58 Bracer
58:59 Padded Archer Armor
59:04 Elite Skirmisher
61:12 Leather Archer Armor
Connection lost

Rejoining the realm…

Still unreachable

The connection could not be restored.

Session expired

The server has moved on; the page needs a fresh start.